| TOP OF THE 1ST |
|
Cincinnati Reds batting - Pitching for Pittsburgh Pirates : LHP John Tudor
|
|
Pitching: LHP John Tudor
|
|
|
Batting: RHB Nick Deurloo
|
0-0: Ball 1-0: Called Strike 1-1: Ground out 6-3 (Groundball, 6, EV 105.6 MPH)
|
|
Batting: SHB Julio Estrada
|
0-0: Called Strike 0-1: Ball 1-1: Foul Ball, location: 2F 1-2: Ball 2-2: Fly out, F9 (Flyball, 9S, EV 88.8 MPH)
|
|
Batting: RHB Gary Matthews
|
0-0: Ball 1-0: Foul Ball, location: 2F 1-1: Foul Ball, location: 2F 1-2: Ground out 6-3 (Groundball, 6MS, EV 81.3 MPH)
|
| Top of the 1st over - 0 runs, 0 hits, 0 errors, 0 left on base; Cincinnati 0 - Pittsburgh 0 |
| BOTTOM OF THE 1ST |
|
Pittsburgh Pirates batting - Pitching for Cincinnati Reds : RHP Tony Guzman
|
|
Pitching: RHP Tony Guzman
|
|
|
Batting: RHB Dan Gladden
|
0-0: Ground out 6-3 (Groundball, 6, EV 78.8 MPH)
|
|
Batting: LHB Terry Whitfield
|
0-0: SINGLE (Flyball, 8RS, EV 91.3 MPH)
|
|
Batting: RHB Rennie Stennett
|
0-0: Ball 1-0: Called Strike Terry Whitfield is caught stealing 2nd base 2-4 1-1: Ball 2-1: Ball 3-1: Swinging Strike 3-2: Foul Ball, location: 2F 3-2: Foul Ball, location: 2F 3-2: Foul Ball, location: 2F 3-2: Fly out, F7 (Flyball, 78D, EV 91.3 MPH)
|
| Bottom of the 1st over - 0 runs, 1 hit, 0 errors, 0 left on base; Cincinnati 0 - Pittsburgh 0 |
| TOP OF THE 2ND |
|
Cincinnati Reds batting - Pitching for Pittsburgh Pirates : LHP John Tudor
|
|
Batting: RHB Johnny Bench
|
0-0: Ball 1-0: Swinging Strike 1-1: Called Strike 1-2: Ball 2-2: SINGLE (Flyball, 7LS, EV 96.3 MPH) - OUT at second base trying to stretch hit.
|
|
Batting: RHB Bill Melton
|
0-0: Ball 1-0: Ball 2-0: SOLO HOME RUN (Flyball, 7D, EV 88.1 MPH), Distance : 396 ft
|
|
Batting: LHB Joseph Talley
|
0-0: Foul Ball, location: 2F 0-1: Foul Ball, location: 2F 0-2: Ball 1-2: Strikes out looking
|
|
Batting: RHB Marco Mosquera
|
0-0: Ball 1-0: Called Strike 1-1: Ball 2-1: Ground out 6-3 (Groundball, 6, EV 88.1 MPH)
|
| Top of the 2nd over - 1 run, 2 hits, 0 errors, 0 left on base; Cincinnati 1 - Pittsburgh 0 |
| BOTTOM OF THE 2ND |
|
Pittsburgh Pirates batting - Pitching for Cincinnati Reds : RHP Tony Guzman
|
|
Batting: LHB Greg Walker
|
0-0: Ball 1-0: Foul Ball, location: 2F 1-1: Ball 2-1: Ball 3-1: Called Strike 3-2: Fly out, F8 (Flyball, 8RD, EV 101.9 MPH)
|
|
Batting: SHB Chili Davis
|
0-0: Called Strike 0-1: Ball 1-1: Called Strike 1-2: Ball 2-2: Foul Ball, location: 2F 2-2: Foul Ball, location: 2F 2-2: Ball 3-2: Base on Balls
|
|
Batting: RHB Mike C Brown
|
0-0: Ball 1-0: Swinging Strike 1-1: Ball 2-1: Foul Ball, location: 2F 2-2: Foul Ball, location: 2F 2-2: Foul Ball, location: 2F 2-2: DOUBLE (Groundball, 5L, EV 95.6 MPH) Chili Davis to third Runner from 3rd tries for Home, SAFE, throw by LF to trailing runner, SAFE at third!
|
|
Batting: SHB Ron Oester
|
0-0: Called Strike 0-1: Foul Ball, location: 2F 0-2: Strikes out looking
|
|
Batting: RHB William Max
|
0-0: Ball 1-0: Ball 2-0: Ball 3-0: Base on Balls
|
|
Batting: LHB John Tudor
|
0-0: Called Strike 0-1: Fly out, F8 (Flyball, 8LM, EV 97.5 MPH)
|
| Bottom of the 2nd over - 1 run, 1 hit, 0 errors, 2 left on base; Cincinnati 1 - Pittsburgh 1 |
| TOP OF THE 3RD |
|
Cincinnati Reds batting - Pitching for Pittsburgh Pirates : LHP John Tudor
|
|
Batting: RHB Ramon Borrero
|
0-0: Called Strike 0-1: Ball 1-1: SINGLE (Flyball, 7S, EV 93.8 MPH)
|
|
Batting: RHB Tony Guzman
|
0-0: Bunt - Flyout to P! F1
|
|
Batting: RHB Nick Deurloo
|
0-0: Ball 1-0: Ball 2-0: Fielders Choice at 2nd, 6-4 (Groundball, 6M, EV 100.0 MPH)
|
|
Batting: SHB Julio Estrada
|
0-0: Fly out, F4 (Line Drive, 4, EV 68.1 MPH)
|
| Top of the 3rd over - 0 runs, 1 hit, 0 errors, 1 left on base; Cincinnati 1 - Pittsburgh 1 |
| BOTTOM OF THE 3RD |
|
Pittsburgh Pirates batting - Pitching for Cincinnati Reds : RHP Tony Guzman
|
|
Batting: RHB Dan Gladden
|
0-0: Swinging Strike 0-1: Ball 1-1: Called Strike 1-2: Strikes out swinging, 2-3 out at first.
|
|
Batting: LHB Terry Whitfield
|
0-0: Called Strike 0-1: Swinging Strike 0-2: Foul Ball, location: 2F 0-2: Ball 1-2: Strikes out swinging
|
|
Batting: RHB Rennie Stennett
|
0-0: SOLO HOME RUN (Flyball, 7D, EV 91.3 MPH), Distance : 379 ft
|
|
Batting: LHB Greg Walker
|
0-0: Foul Ball, location: 2F 0-1: Foul Ball, location: 2F 0-2: Ball 1-2: Ball 2-2: Foul Ball, location: 2F 2-2: Ball 3-2: Foul Ball, location: 2F 3-2: Foul Ball, location: 2F 3-2: Base on Balls
|
|
Batting: SHB Chili Davis
|
0-0: Ball 1-0: Foul Ball, location: 2F 1-1: Foul Ball, location: 2F 1-2: Ball 2-2: Strikes out swinging
|
| Bottom of the 3rd over - 1 run, 1 hit, 0 errors, 1 left on base; Cincinnati 1 - Pittsburgh 2 |
| TOP OF THE 4TH |
|
Cincinnati Reds batting - Pitching for Pittsburgh Pirates : LHP John Tudor
|
|
Batting: RHB Gary Matthews
|
0-0: Foul Ball, location: 2F 0-1: Ball 1-1: Ground out 5-3 (Groundball, 56S, EV 88.8 MPH)
|
|
Batting: RHB Johnny Bench
|
0-0: Ball 1-0: Foul Ball, location: 2F 1-1: Called Strike 1-2: Ball 2-2: Foul Ball, location: 2F 2-2: Ball 3-2: Fly out, F3 (Popup, 3, EV 67.5 MPH)
|
|
Batting: RHB Bill Melton
|
0-0: Ball 1-0: Ground out 6-3 (Groundball, 56D, EV 108.1 MPH)
|
| Top of the 4th over - 0 runs, 0 hits, 0 errors, 0 left on base; Cincinnati 1 - Pittsburgh 2 |
| BOTTOM OF THE 4TH |
|
Pittsburgh Pirates batting - Pitching for Cincinnati Reds : RHP Tony Guzman
|
|
Batting: RHB Mike C Brown
|
0-0: Called Strike 0-1: Ball 1-1: Ball 2-1: Ball 3-1: Foul Ball, location: 2F 3-2: Fly out, F8 (Flyball, 8LD, EV 86.3 MPH)
|
|
Batting: SHB Ron Oester
|
0-0: Called Strike 0-1: Ball 1-1: Ball 2-1: Foul Ball, location: 2F 2-2: Ball 3-2: Foul Ball, location: 2F 3-2: Foul Ball, location: 2F 3-2: Base on Balls
|
|
Batting: RHB William Max
|
0-0: Fly out, F4 (Popup, 34, EV 80.0 MPH)
|
|
Pinch Hitting: LHB Craig Barnes
|
0-0: Ball 1-0: Called Strike 1-1: Swinging Strike 1-2: Strikes out swinging
|
| Bottom of the 4th over - 0 runs, 0 hits, 0 errors, 1 left on base; Cincinnati 1 - Pittsburgh 2 |
| TOP OF THE 5TH |
|
Cincinnati Reds batting - Pitching for Pittsburgh Pirates : LHP John Tudor
|
|
Pitching: RHP Mark Lemongello
|
|
|
Batting: LHB Joseph Talley
|
0-0: Called Strike 0-1: Foul Ball, location: 2F 0-2: Ball 1-2: Strikes out swinging
|
|
Batting: RHB Marco Mosquera
|
0-0: Fly out, F7 (Flyball, 7LS, EV 85.6 MPH)
|
|
Batting: RHB Ramon Borrero
|
0-0: Fly out, F8 (Line Drive, 8RD, EV 98.8 MPH)
|
| Top of the 5th over - 0 runs, 0 hits, 0 errors, 0 left on base; Cincinnati 1 - Pittsburgh 2 |
| BOTTOM OF THE 5TH |
|
Pittsburgh Pirates batting - Pitching for Cincinnati Reds : RHP Tony Guzman
|
|
Pitching: RHP Moises Rangel
|
|
|
Now at SS: Jim Anderson
|
|
|
Batting: RHB Dan Gladden
|
0-0: Ball 1-0: SINGLE (Line Drive, 8RS, EV 111.9 MPH)
|
|
Batting: LHB Terry Whitfield
|
0-0: Ball 1-0: Ball 2-0: Bunt - Flyout to 3S! F3
|
|
Batting: RHB Rennie Stennett
|
0-0: Called Strike 0-1: Called Strike 0-2: Ball 1-2: Ball 2-2: Ball Dan Gladden steals 2nd base 3-2: SINGLE (Line Drive, 4D, EV 102.5 MPH) Dan Gladden to third Runner from 3rd tries for Home, SAFE, throw by CF to home
|
|
Batting: LHB Greg Walker
|
0-0: Ball 1-0: Ball 2-0: Foul Ball, location: 2F 2-1: Fly out, F8 (Flyball, 8LXD, EV 103.1 MPH)
|
|
Batting: SHB Chili Davis
|
0-0: Foul Ball, location: 2F 0-1: 2-RUN HOME RUN (Flyball, 9D, EV 95.6 MPH), Distance : 401 ft
|
|
Batting: RHB Mike C Brown
|
0-0: Ball 1-0: Ball 2-0: Called Strike 2-1: Swinging Strike 2-2: Strikes out swinging
|
| Bottom of the 5th over - 3 runs, 3 hits, 0 errors, 0 left on base; Cincinnati 1 - Pittsburgh 5 |
| TOP OF THE 6TH |
|
Cincinnati Reds batting - Pitching for Pittsburgh Pirates : RHP Mark Lemongello
|
|
Batting: RHB Jim Anderson
|
0-0: Called Strike 0-1: Ball 1-1: Ground out U3 (Groundball, 3S, EV 81.3 MPH)
|
|
Batting: RHB Nick Deurloo
|
0-0: SINGLE (Line Drive, 9S, EV 96.3 MPH)
|
|
Batting: SHB Julio Estrada
|
0-0: Ball 1-0: Grounds into double play, 6-4-3 (Groundball, 6, EV 104.4 MPH)
|
| Top of the 6th over - 0 runs, 1 hit, 0 errors, 0 left on base; Cincinnati 1 - Pittsburgh 5 |
| BOTTOM OF THE 6TH |
|
Pittsburgh Pirates batting - Pitching for Cincinnati Reds : RHP Moises Rangel
|
|
Pitching: RHP Mark Breitenbach
|
|
|
Batting: SHB Ron Oester
|
0-0: Fly out, F7 (Flyball, 7S, EV 88.8 MPH)
|
|
Batting: RHB William Max
|
0-0: Called Strike 0-1: Foul Ball, location: 2F 0-2: Foul Ball, location: 2F 0-2: Ball 1-2: Ball 2-2: Strikes out swinging
|
|
Batting: RHB Mark Lemongello
|
0-0: Called Strike 0-1: Swinging Strike 0-2: Foul Ball, location: 2F 0-2: Ball 1-2: Fly out, F8 (Flyball, 8RM, EV 85.6 MPH)
|
| Bottom of the 6th over - 0 runs, 0 hits, 0 errors, 0 left on base; Cincinnati 1 - Pittsburgh 5 |
| TOP OF THE 7TH |
|
Cincinnati Reds batting - Pitching for Pittsburgh Pirates : RHP Mark Lemongello
|
|
Batting: RHB Gary Matthews
|
0-0: Ball 1-0: Foul Ball, location: 2F 1-1: Fly out, F9 (Flyball, 9D, EV 100.6 MPH)
|
|
Batting: RHB Johnny Bench
|
0-0: Swinging Strike 0-1: Fly out, F5 (Flyball, 5D, EV 82.5 MPH)
|
|
Batting: RHB Bill Melton
|
0-0: Foul Ball, location: 2F 0-1: Called Strike 0-2: Foul Ball, location: 2F 0-2: Ball 1-2: Ground out 6-3 (Groundball, 6, EV 101.3 MPH)
|
| Top of the 7th over - 0 runs, 0 hits, 0 errors, 0 left on base; Cincinnati 1 - Pittsburgh 5 |
| BOTTOM OF THE 7TH |
|
Pittsburgh Pirates batting - Pitching for Cincinnati Reds : RHP Mark Breitenbach
|
|
Pinch Hitting: LHB Jared Martin
|
0-0: Ball 1-0: Ground out 6-3 (Groundball, 6, EV 80.0 MPH)
|
|
Pinch Hitting: SHB John Shelby
|
0-0: Called Strike 0-1: Swinging Strike 0-2: Ball 1-2: Foul Ball, location: 2F 1-2: Strikes out swinging
|
|
Pinch Hitting: LHB Robert Lopez
|
0-0: Ball 1-0: SINGLE (Groundball, 25, EV 68.1 MPH) (infield hit)
|
|
Pinch Hitting: RHB Rafael Santana
|
0-0: Fielders Choice at 2nd, 6-4 (Groundball, 6, EV 101.9 MPH)
|
| Bottom of the 7th over - 0 runs, 1 hit, 0 errors, 1 left on base; Cincinnati 1 - Pittsburgh 5 |
| TOP OF THE 8TH |
|
Cincinnati Reds batting - Pitching for Pittsburgh Pirates : RHP Mark Lemongello
|
|
Now at 1B: Jim Maler
|
|
|
Now at 2B: Robert Lopez
|
|
|
Now in LF: Dave Bialas
|
|
|
Now in RF: John Shelby
|
|
|
Batting: LHB Joseph Talley
|
0-0: Ball 1-0: Ground out 3-1 (Groundball, 34, EV 80.6 MPH)
|
|
Batting: RHB Marco Mosquera
|
0-0: Ball 1-0: Called Strike 1-1: DOUBLE (Line Drive, 9LM, EV 108.8 MPH)
|
|
Pinch Hitting: LHB Chad Daley
|
0-0: Ball 1-0: Foul Ball, location: 2F 1-1: Ball 2-1: Ball 3-1: Base on Balls
|
|
Batting: RHB Jim Anderson
|
0-0: Foul Ball, location: 2F 0-1: Ball 1-1: Ball 2-1: Ball 3-1: Foul Ball, location: 2F 3-2: Foul Ball, location: 2F 3-2: Strikes out looking
|
|
Pinch Hitting: LHB Jim Bennett
|
0-0: Ball 1-0: Foul Ball, location: 2F 1-1: Foul Ball, location: 2F 1-2: Strikes out swinging
|
| Top of the 8th over - 0 runs, 1 hit, 0 errors, 2 left on base; Cincinnati 1 - Pittsburgh 5 |
| BOTTOM OF THE 8TH |
|
Pittsburgh Pirates batting - Pitching for Cincinnati Reds : RHP Mark Breitenbach
|
|
Pitching: LHP Al Hrabosky
|
|
|
Now in RF: Jim Bennett
|
|
|
Batting: SHB Chili Davis
|
0-0: Ball 1-0: Called Strike 1-1: Foul Ball, location: 2F 1-2: Foul Ball, location: 2F 1-2: Foul Ball, location: 2F 1-2: Foul Ball, location: 2F 1-2: Foul Ball, location: 2F 1-2: Ball 2-2: Ball 3-2: SINGLE (Line Drive, 3D, EV 98.8 MPH)
|
|
Batting: RHB Mike C Brown
|
0-0: Called Strike Chili Davis steals 2nd base 0-1: Swinging Strike 0-2: Strikes out swinging
|
|
Pinch Hitting: LHB Alex Campos
|
0-0: Foul Ball, location: 2F 0-1: Ball 1-1: Ground out 4-3 (Groundball, 34D, EV 104.4 MPH) Chili Davis to third
|
|
Pinch Hitting: RHB Greg Schultz
|
0-0: Called Strike 0-1: Ground out 6-3 (Groundball, 6, EV 87.5 MPH)
|
| Bottom of the 8th over - 0 runs, 1 hit, 0 errors, 1 left on base; Cincinnati 1 - Pittsburgh 5 |
| TOP OF THE 9TH |
|
Cincinnati Reds batting - Pitching for Pittsburgh Pirates : RHP Mark Lemongello
|
|
Now at 3B: Greg Schultz
|
|
|
Now at SS: Alex Campos
|
|
|
Pinch Hitting: SHB Mark T McLemore
|
0-0: Ball 1-0: Ball 2-0: Called Strike 2-1: Foul Ball, location: 2F 2-2: Strikes out swinging
|
|
Pinch Hitting: LHB Roberto Ruiz
|
0-0: Ground out 6-3 (Groundball, 56, EV 85.0 MPH)
|
|
Pinch Hitting: RHB Tracy Cowger
|
0-0: Called Strike 0-1: Fly out, F9 (Line Drive, 9, EV 103.8 MPH)
|
| Top of the 9th over - 0 runs, 0 hits, 0 errors, 0 left on base; Cincinnati 1 - Pittsburgh 5 |
|